 Dungeon Crawl Stone Soup version 0.25-a0-737-g26c3a87c45 (webtiles) character file.

Game seed: 6500434996408657253, levelgen mode: deterministic

46 wvc the Poker (level 3, -5/31 HPs)
             Began as a Draconian Monk on Apr 12, 2020.
             Slain by a phantom (8 damage)
             ... on level 1 of the Dungeon.
             The game lasted 00:02:17 (1532 turns).

wvc the Poker (Draconian Monk)                      Turns: 1532, Time: 00:02:17

Health: -5/31      AC:  5    Str: 13    XL:     3   Next: 44%
Magic:  3/3        EV: 13    Int: 10    God:
Gold:   62         SH:  0    Dex: 14    Spells: 2/2 levels left

rFire    . . .     SeeInvis .   a - +0 spear
rCold    . . .     Gourm    .   (no shield)
rNeg     . . .     Faith    .   (armour unavailable)
rPois    .         Spirit   .   (helmet restricted)
rElec    .         Reflect  .   (no cloak)
rCorr    .         Harm     .   (no gloves)
MR       .....                  (no boots)
Stlth    ++........             (no amulet)
HPRegen  0.10/turn              (no ring)
MPRegen  0.08/turn              (no ring)

@: no status effects
A: unfitting armour, cold-blooded, AC +5
a: no special abilities


You were on level 1 of the Dungeon.
You were hungry.

You visited 1 branch of the dungeon, and saw 2 of its levels.

You collected 62 gold pieces.

Inventory:

Hand Weapons
 a - a +0 spear (weapon)
Scrolls
 d - a scroll of remove curse {unknown}
 f - a scroll of enchant armour {unknown}
 h - 3 scrolls of teleportation {unknown}
 i - a scroll of immolation {unknown}
 k - a scroll of identify {unknown}
 l - a scroll of blinking {unknown}
 m - a scroll of noise {unknown}
Potions
 c - a potion of cancellation {unknown}
 e - a potion of lignification {unknown}
 g - 2 potions of resistance {unknown}
 j - 2 potions of curing {unknown}
Comestibles
 b - 6 rations


   Skills:
 - Level 3.2 Fighting
 + Level 4.5 Polearms
 - Level 2.6 Dodging
 - Level 1.7 Stealth


You had 2 spell levels left.
You didn't know any spells.
Your spell library was empty.

Dungeon Overview and Level Annotations

Branches:
Dungeon (2/15)

Altars:

Annotations:
D:2 exclusion: upstairs


Innate Abilities, Weirdness & Mutations

Your plain brown scales are hard. (AC +5)
You cannot fit into any form of body armour.
You are cold-blooded and may be slowed by cold attacks.


Message History

The phantom is lightly damaged.
The phantom misses you.
You hit the phantom but do no damage. You tail-slap the phantom.
The phantom is moderately damaged.
The phantom barely misses you.
You hit the phantom but do no damage.
You tail-slap the phantom, but do no damage.
The phantom is moderately damaged.
The phantom closely misses you.
You hit the phantom.
The phantom is moderately damaged.
The phantom hits you!
You hit the phantom but do no damage.
Your tail-slap misses the phantom.
The phantom is moderately damaged.
The phantom hits you!
* * * LOW HITPOINT WARNING * * *
The phantom hits you.
* * * LOW HITPOINT WARNING * * *
The phantom hits you!
You die...

##.....###......###..........).
#.............#.......####.##..
#.............#.......#....#...
###.............#.......#....#...
............#+#.#...#...#....#...
####........#.#..................
#......................#........
#.###....#.#....>......'.)......
#.###....#(#..W@.......#........
#.##.........................###
#.##..............#....########.
#.##...................####.....
#.##.#.................##......#
#.##.#.................#....#'##
#.##.#........##.####..#..###..#
#.##.#.......(.........##'##...#
#......................#...#...#


You could see a phantom.

Vanquished Creatures
  A gnoll (D:1)
  An adder (D:2)
  2 dart slugs (D:1)
  3 bats
  A giant cockroach (D:1)
  2 goblins (D:1)
  4 hobgoblins (D:1)
  3 kobolds
  A quokka (D:2)
  3 frilled lizards (D:1)
  2 rats (D:1)
23 creatures vanquished.

Notes
Turn   | Place    | Note
-------+----------+-------------------------------------------
     0 | D:1      | wvc the Draconian Monk began the quest for the Orb.
     0 | D:1      | Reached XP level 1. HP: 19/19 MP: 1/1
    97 | D:1      | Reached XP level 2. HP: 17/26 MP: 2/2
   349 | D:1      | Reached skill level 4 in Polearms
   599 | D:1      | Reached XP level 3. HP: 31/31 MP: 3/3
  1466 | D:2      | Noticed a phantom
  1532 | D:1      | Slain by a phantom

Levels and vault maps discovered:
D:1:      dpeg_arrival_water_fire, layout_basic
D:2:      layout_rooms

Skill      XL: |  1  2 |
---------------+-------+-----
Polearms       | 4 |  4.5
Fighting       | |  3.2
Dodging        | |  2.6
Stealth        | |  1.7

Action                   || total
-------------------------++-------
Melee: Spear             ||    86
       Tailslap          ||     9
  Eat: Chunk             ||     1
Armor: Skin              ||    17
Dodge: Dodged            ||    33

Table legend:
 A = Non-vault XP
 B = Vault XP
 C = Vault XP percentage of total XP
 D = Non-vault monster count
 E = Vault monster count
 F = Vault count percentage of total count
                 A         B        C        D         E       F
            +---------+---------+-------+---------+---------+-------
      Total |      66 |       0 |   0.0 |      23 |       0 |   0.0
            +---------+---------+-------+---------+---------+-------
        D:1 |      47 |       0 |   0.0 |      19 |       0 |   0.0
        D:2 |      19 |       0 |   0.0 |       4 |       0 |   0.0
            +---------+---------+-------+---------+---------+-------
